 Dungeon Crawl Stone Soup version 0.23-a0-730-g0b75920 (webtiles) character file.

21 Blackhawk the Skirmisher (level 2, 1/36 HPs)
             Began as a Demonspawn Fighter on Jan 17, 2019.
             Quit the game on level 1 of the Dungeon.
             The game lasted 00:01:10 (359 turns).

Blackhawk the Skirmisher (Demonspawn Fighter)        Turns: 359, Time: 00:01:11

Health: 1/36       AC: 21    Str: 21    XL:     2   Next: 65%
Magic:  2/2        EV:  2    Int:  9    God:
Gold:   40         SH:  9    Dex: 12    Spells: 1/1 levels left

rFire    . . .     SeeInvis .   a - +0 war axe
rCold    . . .     Gourm    .   c - +0 shield
rNeg     + + +     Faith    .   (armour currently unavailable)
rPois    +         Spirit   .   (helmet currently unavailable)
rElec    .         Reflect  .   (cloak currently unavailable)
rCorr    .         Harm     .   (gloves currently unavailable)
MR       .....     NoTele   +   (boots currently unavailable)
Stlth    +.........             (no amulet)
HPRegen  0.12/turn              (no ring)
MPRegen  0.08/turn              (no ring)

@: mighty, lethally poisoned (1 -> -9), tree-form
A: demonic guardian 1
a: no special abilities


You were on level 1 of the Dungeon.
You were not hungry.
You were a tree.
You visited 1 branch of the dungeon, and saw 1 of its levels.

You collected 40 gold pieces.

Inventory:

Hand Weapons
 a - a +0 war axe (weapon)
Armour
 b - a +0 scale mail (melded)
 c - a +0 shield (worn)
Jewellery
 i - a +2 ring of intelligence {unknown}
 l - an uncursed ring of poison resistance {unknown}
Scrolls
 e - a scroll of teleportation (quivered) {unknown}
 h - a scroll of remove curse {unknown}
 j - a scroll of identify {unknown}
 k - a scroll of blinking {unknown}
Potions
 d - a potion of might
 m - a potion of lignification
Comestibles
 f - 2 rations
 g - 3 chunks of flesh


   Skills:
 + Level 3.2 Fighting
 + Level 2.1 Axes
 + Level 2.9 Armour
 + Level 2.9 Shields


You had one spell level left.
You didn't know any spells.
Your spell library was empty.

Dungeon Overview and Level Annotations

Branches:
Dungeon (1/15)

Altars:


Innate Abilities, Weirdness & Mutations

A weak demonic guardian rushes to your aid.


Message History

* * * LOW HITPOINT WARNING * * *
You feel sick.
You slash the hobgoblin!
You kill the hobgoblin!
* * * LOW HITPOINT WARNING * * *
You feel sick.
You are stuck in your current form!
You feel very mighty all of a sudden.
* * * LOW HITPOINT WARNING * * *
You feel sick.
Quiver which item? (- for none, * to show all) (? for menu, Esc to quit)
You don't have any such object.
Quiver which item? (- for none, * to show all) (? for menu, Esc to quit)
Quivering
e - a scroll labeled ADAOLU TOANGA for throwing.
* * * LOW HITPOINT WARNING * * *
You feel sick.
Unknown command.
Quiver which item? (- for none, * to show all) (? for menu, Esc to quit)
Okay, then.
Are you sure you want to abandon this character and quit the game? (Confirm with "yes".)

#.....# ######### #. #.....#
#.......# #.
#.....###.......# #. .
#......##.......####. ..
#.................... ...
#......##.......####. ...r
#......##.......# #. .....
#####...#.......# #.
...S..###.)♣...........####.
..........##................
.#.#......##..##.........###
#...#....##...#....###..#
#.# ###...#.#.####......# ..
#..$.....####.....### .
#####.....>...##.....
#...................
#........######.....


There were no monsters in sight!

Vanquished Creatures
  A dart slug (D:1)
  4 bats (D:1)
  3 goblins (D:1)
  2 hobgoblins (D:1)
  2 ball pythons (D:1)
  2 frilled lizards (D:1)
  2 kobolds (D:1)
  5 rats (D:1)
21 creatures vanquished.

Notes
Turn   | Place    | Note
-------+----------+-------------------------------------------
     0 | D:1      | Blackhawk the Demonspawn Fighter began the quest for the
                  | Orb.
     0 | D:1      | Reached XP level 1. HP: 18/18 MP: 1/1
   141 | D:1      | Gained mutation: A weak demonic guardian rushes to your
                  | aid. [demonic ancestry]
   141 | D:1      | Reached XP level 2. HP: 24/24 MP: 2/2
   358 | D:1      | HP: 1/36 [poisoned by a goblin]
   359 | D:1      | Quit the game

Vault maps used:
D:1:      ebering_trefoil_3fold, chequers_jeans, minmay_tree_intersection

Skill      XL: |  1 |
---------------+----+-----
Axes           | 2 |  2.1
Fighting       | |  3.2
Armour         | |  2.9
Shields        | |  2.9

Action                   || total
-------------------------++-------
Melee: War axe           ||    45
  Use: Potion            ||     2
Armor: Scale mail        ||    33
       Skin              ||     1
Dodge: Dodged            ||    12
Block: Shield            ||    26

Table legend:
 A = Non-vault XP
 B = Vault XP
 C = Vault XP percentage of total XP
 D = Non-vault monster count
 E = Vault monster count
 F = Vault count percentage of total count
                 A         B        C        D         E       F
            +---------+---------+-------+---------+---------+-------
      Total |      31 |       0 |   0.0 |      21 |       0 |   0.0
            +---------+---------+-------+---------+---------+-------
        D:1 |      31 |       0 |   0.0 |      21 |       0 |   0.0
            +---------+---------+-------+---------+---------+-------
